 Dungeon Crawl Stone Soup version 0.28.0-43-g3370ac3207 (webtiles) character file.

Game seed: 13865698750879021094

9 jimonade the Magician (level 2, 0/26 HPs)
             Began as a Gnoll Wanderer on Mar 13, 2022.
             Slain by a quokka (4 damage)
             ... on level 1 of the Dungeon.
             The game lasted 00:02:23 (617 turns).

jimonade the Magician (Gnoll Wanderer)               Turns: 617, Time: 00:02:24

Health: 0/26       AC:  2    Str:  8    XL:     2   Next: 16%
Magic:  7/10       EV: 12    Int: 13    God:
Gold:   4          SH:  0    Dex: 12    Spells: 14/15 levels left

rFire   . . .      SeeInvis .   a - +0 dagger
rCold   . . .      Faith    .   (no shield)
rNeg    . . .      Spirit   .   b - +0 robe
rPois   .          Reflect  .   (no helmet)
rElec   .          Harm     .   (no cloak)
rCorr   .          Rampage  .   (no gloves)
Will    .....                   (no boots)
Stlth   +.........              (no amulet)
HPRegen 0.08/turn               (no ring)
MPRegen 0.12/turn               (no ring)

@: no status effects
A: fangs 1, strong nose, distributed training
a: no special abilities


You were on level 1 of the Dungeon.
You visited 1 branch of the dungeon, and saw 1 of its levels.

You collected 4 gold pieces.

Inventory:

Hand Weapons
 a - a +0 dagger (weapon)
Armour
 b - a +0 robe (worn)
Scrolls
 c - a scroll of teleportation
Potions
 d - 2 potions of invisibility {unknown}


   Skills:
 + Level 4.4 Fighting
 + Level 0.3 Short Blades
 + Level 0.3 Long Blades
 + Level 0.3 Axes
 + Level 0.3 Maces & Flails
 + Level 0.3 Polearms
 + Level 0.3 Staves
 + Level 0.3 Slings
 + Level 0.3 Bows
 + Level 0.3 Crossbows
 + Level 0.3 Throwing
 + Level 2.4 Armour
 + Level 2.4 Dodging
 + Level 0.3 Stealth
 + Level 0.3 Shields
 + Level 0.3 Unarmed Combat
 + Level 7.1 Spellcasting
 + Level 0.2 Conjurations
 + Level 0.2 Hexes
 + Level 0.2 Summonings
 + Level 2.0 Necromancy
 + Level 0.2 Translocations
 + Level 0.2 Transmutations
 + Level 0.2 Fire Magic
 + Level 0.2 Ice Magic
 + Level 0.2 Air Magic
 + Level 0.2 Earth Magic
 + Level 0.2 Poison Magic
 + Level 2.5 Invocations
 + Level 0.3 Evocations


You had 14 spell levels left.
You knew the following spells:

 Your Spells              Type           Power      Damage    Failure   Level
a - Pain                  Necr           36%        1d5       7%          1

Your spell library contained the following spells:

 Spells                   Type           Power      Damage    Failure   Level
 Slow                     Hex            20%        N/A       14%         1
 Ensorcelled Hibernation  Hex/Ice        10%        N/A       21%         2
 Vampiric Draining        Necr           9%         2d6       21%         3
 Conjure Flame            Conj/Fire      5%         6-21      38%         3
 Portal Projectile        Hex/Tloc       10%        N/A       38%         3


Dungeon Overview and Level Annotations

Branches:
Dungeon (1/15)

Altars:


Innate Abilities, Weirdness & Mutations

You have very sharp teeth.
Your uncanny sense of smell can sniff out nearby items.
Your experience applies equally to all skills.


Message History

The kobold is severely wounded.
The kobold closely misses you.
The kobold writhes in agony.
You kill the kobold!
You hit the hobgoblin but do no damage.
You bite the hobgoblin, but do no damage.
The quokka closely misses you. The hobgoblin closely misses you.
You miss the quokka. The quokka bites you. The hobgoblin misses you.
You hit the quokka.
The quokka is moderately wounded.
The quokka bites you. The hobgoblin hits you.
You barely miss the quokka.
The quokka is moderately wounded.
The quokka bites you. The hobgoblin hits you.
You miss the quokka. Your bite misses the quokka.
The quokka is moderately wounded.
The quokka bites you. The quokka closely misses you. The hobgoblin hits you.
* * * LOW HITPOINT WARNING * * *
You are too injured to fight recklessly!
You completely miss the quokka.
The quokka is moderately wounded.
The quokka barely misses you.
You are too injured to fight recklessly!
You completely miss the quokka. The hobgoblin barely misses you.
The quokka barely misses you.
You barely miss the quokka. Your bite misses the quokka.
The hobgoblin closely misses you. The quokka closely misses you.
You miss the quokka. You bite the quokka, but do no damage.
The hobgoblin closely misses you. The quokka bites you.
* * * LOW HITPOINT WARNING * * *
You hit the quokka but do no damage. You bite the quokka.
The quokka is moderately wounded.
The quokka closely misses you. The hobgoblin completely misses you.
The quokka barely misses you.
You hit the quokka. Your punch misses the quokka. Your bite misses the quokka.
The quokka is severely wounded.
The hobgoblin hits you.
* * * LOW HITPOINT WARNING * * *
The quokka bites you.
You die...

##.# # # #.#.#.#. #.#.#.# #+
#.....# ... +.....# ...
#.....## #####... #.....#
#....# #.. #...#.######....#
#.# +...'..†g@r.....+ #.#.
......##.#####....###.#.####
.......+......'....+........†
....K..###.####....###.#+#.##
....### #..# ####.# #.....##
.... ##.## #.###.....## ..
#..# #†........## ##.#
#..###....## #.#####).#
#....##


You could see a quokka and a hobgoblin.

Vanquished Creatures
  3 hobgoblins (D:1)
  A quokka (D:1)
  A ball python (D:1)
  A goblin (D:1)
  3 kobolds (D:1)
  A rat (D:1)
10 creatures vanquished.

Notes
Turn   | Place    | Note
-------+----------+-------------------------------------------
     0 | D:1      | jimonade the Gnoll Wanderer began the quest for the Orb.
     0 | D:1      | jimonade set off with the following items: a +0 dagger, a
                  | +0 robe, a scroll of teleportation; and the following
                  | spells available to memorise: Pain, Slow, Vampiric
                  | Draining, Ensorcelled Hibernation, Conjure Flame, Portal
                  | Projectile
     0 | D:1      | Reached XP level 1. HP: 20/20 MP: 8/8
     2 | D:1      | Learned a level 1 spell: Pain
   322 | D:1      | Reached XP level 2. HP: 7/26 MP: 1/10
   617 | D:1      | Slain by a quokka

Illustrated notes

Levels and vault maps discovered:
D:1:      sevenhm_arrival_forest_fort_small_4, layout_basic, minivault_23

Skill      XL: |  1 |
---------------+----+-----
Necromancy     | 2 |  2.0
Fighting       | |  4.4
Short Blades   | |  0.3
Long Blades    | |  0.3
Axes           | |  0.3
Maces & Flails | |  0.3
Polearms       | |  0.3
Staves         | |  0.3
Slings         | |  0.3
Bows           | |  0.3
Crossbows      | |  0.3
Throwing       | |  0.3
Armour         | |  2.4
Dodging        | |  2.4
Stealth        | |  0.3
Shields        | |  0.3
Unarmed Combat | |  0.3
Spellcasting   | |  7.1
Conjurations   | |  0.2
Hexes          | |  0.2
Summonings     | |  0.2
Translocations | |  0.2
Transmutations | |  0.2
Fire Magic     | |  0.2
Ice Magic      | |  0.2
Air Magic      | |  0.2
Earth Magic    | |  0.2
Poison Magic   | |  0.2
Invocations    | |  2.5
Evocations     | |  0.3

Action                   || total
-------------------------++-------
Melee: Dagger            ||    45
       Bite              ||     7
 Cast: Pain              ||    17
Armor: Robe              ||     3
Dodge: Dodged            ||    38
